 Dungeon Crawl Stone Soup version 0.29-a0-194-g6e3aafee17 (webtiles) character file.

Game seed: 10546393704396085670

494 fragbeetle the Quickloader (level 6, 0/50 HPs)
             Began as a Minotaur Hunter on Feb 23, 2022.
             Shot with a sling bullet by Duvessa (5 damage)
             ... on level 4 of the Dungeon.
             The game lasted 00:05:50 (3450 turns).

fragbeetle the Quickloader (Minotaur Hunter)        Turns: 3450, Time: 00:05:51

Health: 0/50       AC:  6    Str: 16    XL:     6   Next: 92%
Magic:  0/5        EV: 10    Int:  8    God:
Gold:   140        SH:  0    Dex: 19    Spells: 5/5 levels left

rFire   . . .      SeeInvis .   a - +1 hand crossbow
rCold   . . .      Faith    .   (no shield)
rNeg    . . .      Spirit   .   q - +0 scale mail
rPois   .          Reflect  .   (helmet restricted)
rElec   .          Harm     .   (no cloak)
rCorr   .          Rampage  .   (no gloves)
Will    .....                   (no boots)
Stlth   +.........              (no amulet)
HPRegen 0.16/turn               h - +6 ring of dexterity
MPRegen 0.09/turn               i - +4 ring of slaying

@: no status effects
A: horns 2, retaliatory headbutt
a: no special abilities


You were on level 4 of the Dungeon.
You visited 1 branch of the dungeon, and saw 4 of its levels.

You collected 140 gold pieces.

Inventory:

Hand Weapons
 a - a +1 hand crossbow (weapon)
 b - the +7 hand axe of Virtue {vorpal, rElec rC+ Dex-5}
   (You found it on level 3 of the Dungeon)

   It inflicts extra damage upon your enemies.
   Dex:       It affects your dexterity (-5).
   rC:        It protects you from cold.
   rElec:     It insulates you from electricity.
 e - a +0 vorpal spear
Missiles
 o - 9 poisoned darts (quivered)
Armour
 q - a +0 scale mail (worn)
 s - a +0 chain mail
 u - a +0 kite shield
Jewellery
 h - a +6 ring of dexterity (left hand)
 i - a +4 ring of slaying (right hand)
Scrolls
 c - 4 scrolls of identify {unknown}
 g - 2 scrolls of fear {unknown}
 j - 2 scrolls of noise {unknown}
 l - a scroll of immolation {unknown}
 r - a scroll of teleportation {unknown}
Potions
 d - a potion of curing
 k - a potion of haste
 m - 3 potions of flight {unknown}
 n - a potion of might {unknown}
 p - a potion of magic {unknown}
 t - a potion of degeneration {unknown}


   Skills:
 - Level 2.4 Fighting
 + Level 9.2 Crossbows
 - Level 2.1 Dodging
 - Level 0.7 Stealth


You had 5 spell levels left.
You didn't know any spells.
Your spell library contained the following spells:

 Spells                   Type           Power      Damage    Failure   Level
 Pain                     Necr           0%         1d4       86%         1
 Agony                    Necr           0%         N/A       100%        5
 Excruciating Wounds      Necr           0%         N/A       100%        5


Dungeon Overview and Level Annotations

Branches:
Dungeon (4/15)
 Temple: D:4-7

Altars:

Annotations:
D:4 Dowan, Duvessa


Innate Abilities, Weirdness & Mutations

You have a pair of horns on your head.
You reflexively headbutt those who attack you in melee.


Message History

You shoot a bolt.
Dowan shouts!
The bolt hits Duvessa but does no damage.
Duvessa is lightly wounded.
Duvessa looks more healthy.
Duvessa struggles against the net.
Dowan points at Duvessa and mumbles some strange words.
Duvessa seems to speed up.
You shoot a bolt. The bolt hits Duvessa.
Duvessa is moderately wounded.
Duvessa struggles against the net. x2
The net rips apart, and Duvessa comes free!
You shoot a bolt. The bolt barely misses Duvessa.
Duvessa unwields a +0 hunting sling.
Duvessa wields a +3 antimagic rapier.
Duvessa hits you with a +3 antimagic rapier!
You feel your power leaking away.
Dowan mumbles some strange words.
Dowan blinks!
You are too injured to fight recklessly!
Unknown command.
Duvessa unwields a +3 antimagic rapier.
Duvessa wields a +0 hunting sling.
Duvessa shoots a sling bullet.
The sling bullet hits you.
Dowan gestures wildly while chanting.
Dowan blinks!
You are too injured to fight recklessly!
Unknown command.
Throw: 10 darts (poison)
Press: ? - help, Shift-Dir - straight line, f/p - Duvessa
Aim: Duvessa, wielding a +0 hunting sling, wearing a +0 ring mail and quivering stones (moderately wounded, fast, 72% to hit)
You throw a poisoned dart. The poisoned dart hits Duvessa.
Duvessa is moderately wounded.
Duvessa shoots a sling bullet.
The sling bullet barely misses you.
Duvessa shoots a sling bullet.
The sling bullet hits you.
You are too injured to fight recklessly!
Unknown command.
Duvessa shoots a sling bullet.
The sling bullet closely misses you.
Duvessa shoots a sling bullet.
The sling bullet hits you.
Duvessa shoots a sling bullet.
The sling bullet hits you!
* * * LOW HITPOINT WARNING * * *
Duvessa shoots a sling bullet.
The sling bullet hits you.
You die...

#### #...) ####### #####
#.....#####.....#########....
......'(e...@................
.....(###.#.....#########.###
..... #.#.....# #.# ....
#.#.....# #.# ... #.#######
#.# #e #.# #.# #.# #.# #.###
#..# #.# #.... # #..# #.#
#####


You could see Duvessa (fast).

Vanquished Creatures
  A black bear (D:4)
  An ogre (D:4)
  A phantom (D:2)
  Natasha (thrice) (D:3)
  Terence (D:3)
  3 gnolls (D:3)
  3 adders (D:2)
  3 worms
  6 orcs (D:4)
  7 endoplasms
  4 giant cockroaches (D:1)
  7 hobgoblins
  4 jackals (D:3)
  5 kobolds
  3 quokkas
  8 ball pythons
  9 bats
  2 frilled lizards (D:3)
  9 goblins
  2 rats (D:2)
82 creatures vanquished.

Vanquished Creatures (others)
  2 fungi (D:2)
  A plant (D:2)
3 creatures vanquished.

Grand Total: 85 creatures vanquished

Notes
Turn   | Place    | Note
-------+----------+-------------------------------------------
     0 | D:1      | fragbeetle the Minotaur Hunter began the quest for the Orb.
     0 | D:1      | Reached XP level 1. HP: 18/18 MP: 0/0
    80 | D:1      | Reached XP level 2. HP: 25/25 MP: 1/1
   119 | D:1      | Reached skill level 5 in Crossbows
   370 | D:1      | Reached XP level 3. HP: 30/30 MP: 2/2
   458 | D:2      | Noticed a phantom
   471 | D:2      | Killed a phantom
   472 | D:2      | Reached skill level 6 in Crossbows
   472 | D:2      | Reached XP level 4. HP: 26/37 MP: 3/3
   688 | D:2      | Reached skill level 7 in Crossbows
   688 | D:2      | Reached XP level 5. HP: 42/42 MP: 4/4
   876 | D:2      | Found a faded altar of an unknown god.
  1689 | D:3      | Noticed Terence
  1694 | D:3      | Killed Terence
  1777 | D:3      | Identified the +7 hand axe of Virtue {vorpal, rElec rC+
                  | Dex-5}
  1906 | D:3      | Noticed Natasha
  1911 | D:3      | Killed Natasha
  2086 | D:3      | Noticed Natasha
  2094 | D:3      | Killed Natasha
  2095 | D:3      | Reached skill level 8 in Crossbows
  2095 | D:3      | Reached XP level 6. HP: 47/50 MP: 5/5
  2536 | D:3      | Noticed Natasha
  2541 | D:3      | Killed Natasha
  3059 | D:4      | Reached skill level 9 in Crossbows
  3159 | D:4      | Noticed Duvessa
  3162 | D:4      | Noticed Dowan
  3450 | D:4      | Shot with a sling bullet by Duvessa

Illustrated notes

Levels and vault maps discovered:
D:1:      beargit_arrival_greenhouse, layout_rooms, serial_corexii_hall,
          chequers_hall_statues_corner_a, corexii_hall_statues_t
D:2:      layout_loops_cross, shapermc_ecumenical_altar_mp_ritualfount,
          minmay_misc_feat_tower
D:3:      layout_basic, serial_bayou_ford_a, uniq_natasha, uniq_terence
D:4:      layout_basic, lemuel_tele_altar, minmay_crossroads, uniq_duvessa

Skill      XL: |  1  2  3  4  5  6 |
---------------+-------------------+-----
Crossbows      | 5 6 7 8 9 |  9.2
Fighting       | |  2.4
Dodging        | |  2.1
Stealth        | |  0.7

Action                   |  1- 3 |  4- 6 || total
-------------------------+-------+-------++-------
 Fire: Hand crossbow     |    71 |   141 ||   212
Throw: Dart              |       |     2 ||     2
       Throwing net      |       |     1 ||     1
Armor: Leather armour    |     3 |       ||     3
       Ring mail         |     4 |       ||     4
       Scale mail        |       |    17 ||    17
Dodge: Dodged            |     9 |    26 ||    35

Table legend: (Time is in decaauts)
 A = Elapsed time spent in this place.
 B = Non-inter-level travel time spent in this place.
 C = Inter-level travel time spent in this place.
 D = Time resting spent in this place.
 E = Time spent auto-exploring this place.
 F = Levels seen in this place.
 G = Mean time per level.
                   A        B        C        D        E       F      G
               +--------+--------+--------+--------+--------+-----+--------+
         Total |   3524 |   3338 |    186 |    124 |   2668 |   4 |  881.0 |
       Dungeon |   3524 |   3338 |    186 |    124 |   2668 |   4 |  881.0 |
               +--------+--------+--------+--------+--------+-----+--------+

Top non-repeatable levels by time:
     D:3: 1712 daAuts
     D:2: 851 daAuts
     D:4: 550 daAuts
     D:1: 409 daAuts
